 Dungeon Crawl Stone Soup version 0.21-a0-78-g82a99e0 (webtiles) character file.

690388 vev the Portalist (level 27, -42/153 HPs)
             Began as a Spriggan Enchanter on June 20, 2017.
             Was an Initiate of Gozag.
             Killed from afar by Tyczick the pandemonium lord (83 damage)
             ... with an iron shot
             ... on level 12 of a ziggurat on June 21, 2017.
             The game lasted 12:27:50 (114673 turns).

vev the Portalist (Spriggan Enchanter)            Turns: 114673, Time: 12:27:50

Health: -42/153    AC: 27    Str: 26 (27) XL:     27
Magic:  6/50       EV: 29    Int: 22 (23) God:    Gozag
Gold:   11637      SH: 11    Dex: 17      Spells: 2/62 levels left

rFire    + + +     SeeInvis +   b - +9 scimitar (holy)
rCold    + + .     Gourm    +   W - +3 buckler {rF+}
rNeg     + . .     Faith    .   e - +8 shadow dragon scales "Keifiax" {rF+ Stlth++++}
rPois    +         Spirit   .   c - +3 crown of Dyrovepreva {rElec Int+2 SInv}
rElec    +         Reflect  .   u - scarf "Zaisuaf" {*Slow +Fly rCorr Slay+5}
rCorr    +         Harm     .   (gloves unavailable)
MR       +++..                  (boots unavailable)
Stlth    +++++++++.             J - amulet of Dotayg {Gourm +Inv rPois Str+8 Dex-3}
HPRegen  0.00/turn              M - ring of Dicraelel {rPois rF+ rN+ Str+2}
MPRegen  0.32/turn              I - ring of Ezearyas {+Fly rC++ MR- Str+6 Int+2}

@: gold aura, very slightly contaminated, hasted, very quick
A: unfitting armour, see invisible, deterioration 1, herbivore 3, speed 3, high
mp 1, sense surroundings 1, inhibited regeneration, slow metabolism 2
}: 5/15 runes: serpentine, barnacled, slimy, silver, abyssal
a: Potion Petition, Call Merchant, Bribe Branch, Renounce Religion, Evoke
Invisibility, Evoke Flight


You were on level 12 of a ziggurat.
You worshipped Gozag.
Gozag was extremely pleased with you.
You were full.

You visited 13 branches of the dungeon, and saw 59 of its levels.
You visited the Abyss 1 time.
You visited 1 ziggurat, and saw 12 of its levels.
You also visited: Desolation.

You collected 38167 gold pieces.
You spent 11077 gold pieces at shops.
You paid 15453 gold pieces to Gozag.

Inventory:

Hand Weapons
 a - the +7 captain's cutlass {speed, disarm}
   (You found it on level 3 of the Crypt)

   Attacks with this weapon are significantly faster.
 b - a +9 scimitar of holy wrath (weapon)
 f - a +0 antimagic rapier
 z - the +6 quick blade of Poeffiomir {venom, +Rage Str+2}
   (You acquired it on level 1 of the Vaults)

   It poisons the flesh of those it strikes.
   It affects your strength (+2).
   It lets you go berserk.
Missiles
 w - 20 throwing nets (quivered)
Armour
 c - the +3 crown of Dyrovepreva (worn) {rElec Int+2 SInv}
   (You acquired it on level 1 of the Lair of Beasts)

   It affects your intelligence (+2).
   It insulates you from electricity.
   It lets you see invisible.
 e - the +8 shadow dragon scales "Keifiax" (worn) {rF+ Stlth++++}
   (You bought it in a shop on level 1 of the Lair of Beasts)

   It protects you from fire.
   It makes you much more stealthy.
 u - the scarf "Zaisuaf" (worn) {*Slow +Fly rCorr Slay+5}
   (You acquired it on level 1 of the Lair of Beasts)

   It affects your accuracy and damage with ranged weapons and melee attacks
   (+5).
   It lets you fly.
   It protects you from acid and corrosion.
   It may slow you when you take damage.
 W - a +3 buckler of fire resistance (worn)
Jewellery
 k - the ring "Koetyw" {Int+6 Dex+4 SInv}
   (You found it on level 10 of a ziggurat)

   [ring of dexterity]

   It affects your intelligence (+6).
   It affects your dexterity (+4).
   It lets you see invisible.
 y - the ring of Cythruim {-Tele +Fly rC- MR+ Dex+2 Slay+5}
   (You took it off a spriggan defender on level 3 of the Depths)

   [ring of dexterity]

   It affects your dexterity (+2).
   It affects your accuracy and damage with ranged weapons and melee attacks
   (+5).
   It makes you vulnerable to cold.
   It affects your resistance to hostile enchantments.
   It lets you fly.
   It prevents most forms of teleportation.
 C - the ring "Ferchyhust" {rCorr rElec MR++}
   (You found it in the Desolation of Salt)

   [ring of resist corrosion]

   It insulates you from electricity.
   It affects your resistance to hostile enchantments.
 I - the ring of Ezearyas (right hand) {+Fly rC++ MR- Str+6 Int+2}
   (You found it in the Desolation of Salt)

   [ring of flight]

   It affects your strength (+6).
   It affects your intelligence (+2).
   It greatly protects you from cold.
   It affects your resistance to hostile enchantments.
   It lets you fly.
 J - the amulet of Dotayg (around neck) {Gourm +Inv rPois Str+8 Dex-3}
   (You found it on level 4 of the Lair of Beasts)

   [amulet of the gourmand]

   It allows you to eat raw meat even when not hungry.
   It affects your strength (+8).
   It affects your dexterity (-3).
   It protects you from poison.
   It lets you turn invisible.
 L - the ring "Riasch" {rF+ Int+4 Stlth+}
   (You bought it in a shop on level 1 of the Lair of Beasts)

   [ring of intelligence]

   It affects your intelligence (+4).
   It protects you from fire.
   It makes you more stealthy.
 M - the ring of Dicraelel (left hand) {rPois rF+ rN+ Str+2}
   (You found it on level 8 of a ziggurat)

   [ring of positive energy]

   It affects your strength (+2).
   It protects you from fire.
   It protects you from poison.
   It protects you from negative energy.
 V - the ring "Qantaf" {-Tele rN+ Str+5 Dex+3}
   (You found it on level 9 of a ziggurat)

   [ring of dexterity]

   It affects your strength (+5).
   It affects your dexterity (+3).
   It protects you from negative energy.
   It prevents most forms of teleportation.
Wands
 G - a wand of digging (17/24)
Scrolls
 d - 4 scrolls of vulnerability
 i - 19 scrolls of identify
 l - 23 scrolls of teleportation
 o - 2 scrolls of magic mapping
 p - a scroll of enchant weapon
 s - 11 scrolls of fear
 v - 4 scrolls of amnesia
 x - 24 scrolls of remove curse
 B - 4 scrolls of enchant armour
 F - 4 scrolls of brand weapon
 H - 4 scrolls of torment
 Q - 3 scrolls of blinking
 R - a scroll of silence
 S - 4 scrolls of summoning {L:6}
 U - 8 scrolls of fog
 X - 13 scrolls of recharging
Potions
 g - 20 potions of curing
 m - a potion of might
 n - 2 potions of magic
 q - 2 potions of agility
 r - 8 potions of brilliance
 t - 7 potions of berserk rage
 E - 11 potions of haste
 K - 4 potions of ambrosia
 P - 5 potions of cancellation
 Y - 8 potions of heal wounds
 Z - 6 potions of resistance
Books
 D - a book of Spatial Translocations

   Spells                             Type                      Level
   a - Blink                          Translocation                2
   b - Shroud of Golubria             Charms/Translocation         2
   c - Lesser Beckoning               Translocation                3
   d - Gell's Gravitas                Translocation                3
   e - Teleport Other                 Translocation                3
   f - Passage of Golubria            Translocation                4
 N - a book of Burglary

   Spells                             Type                      Level
   a - Swiftness                      Charms/Air                   2
   b - Passwall                       Transmutation/Earth          2
   c - Passage of Golubria            Translocation                4
   d - Lee's Rapid Deconstruction     Earth                        5
   e - Darkness                       Hexes                        6
   f - Invisibility                   Hexes                        6
Miscellaneous
 j - a fan of gales
 T - 6 phantom mirrors
Comestibles
 h - 63 fruits
 A - 8 bread rations
 O - 26 royal jellies


   Skills:
 + Level 18.6 Fighting
 - Level 16.8(19.3) Short Blades
 - Level 13.2(15.3) Long Blades
 - Level 15.3 Armour
 - Level 20.2 Dodging
 - Level 22.1 Stealth
 - Level 7.0 Shields
 - Level 18.0 Spellcasting
 - Level 21.1 Hexes
 - Level 10.4 Summonings
 - Level 22.3 Translocations
 - Level 8.0 Air Magic
 - Level 6.0 Evocations


You had 2 spell levels left.
You knew the following spells:

 Your Spells              Type           Power        Failure   Level  Hunger
a - Confuse               Hex            #######.     0%          3    None
b - Blink                 Tloc           N/A          0%          2    None
d - Tukima's Dance        Hex            #######.     0%          3    None
g - Summon Mana Viper     Hex/Summ       ######..     1%          5    #......
h - Discord               Hex            #######...   12%         8    #######
i - Summon Butterflies    Summ           ######..     1%          1    None
p - Passwall              Tmut/Erth      ###.......   16%         2    None
q - Lesser Beckoning      Tloc           #######...   0%          3    None
v - Invisibility          Hex            #######.     1%          6    ####...
w - Malign Gateway        Summ/Tloc      #######...   10%         7    ######.
x - Dispersal             Tloc           #######...   1%          6    ####...
z - Apportation           Tloc           ######       0%          1    None
B - Controlled Blink      Tloc           N/A          9%          8    #######
X - Silence               Hex/Air        ######....   1%          5    #......


Dungeon Overview and Level Annotations

Branches:
Dungeon (15/15)            Temple (1/1) D:5            Lair (6/6) D:9
 Shoals (4/4) Lair:2        Snake (4/4) Lair:3        Slime (5/5) Lair:5
    Orc (2/2) D:11            Elf (3/3) Orc:2        Vaults (5/5) D:13
  Crypt (3/3) Vaults:3       Tomb (0/3) Crypt:3      Depths (5/5) D:15
   Hell (1/1)                 Dis (0/7) Hell            Geh (0/7) Hell
    Coc (0/7) Hell            Tar (0/7) Hell            Zot (5/5) Depths:5

Altars:
Ashenzari
Cheibriados
Dithmenos
Elyvilon
Fedhas
Gozag
Hepliaklqana
Kikubaaqudgha
Makhleb
Nemelex Xobeh
Okawaru
Qazlal
Ru
Sif Muna
Trog
Uskayaw
Vehumet
Wu Jian
Xom
Yredelemnul
Zin
The Shining One
Beogh
Jiyva

Shops:
D:7 }   D:10 :   Orc:2 [[?[[   Elf:1 :=:?   Lair:1 (%=(%:[*=[   Snake:1 *
Vaults:3 !   Vaults:4 :=*?   Depths:1 *   Depths:2 %   Depths:5 ?%=

Portals:
Hell: Depths:1 Depths:2 Depths:3 Depths:5
Abyss: Depths:4
Pandemonium: Depths:2 Depths:3
Trove: Elf:3 (give +3 gold dragon scales)

Annotations:
Elf:2 exclusion: orange crystal statue, Agnes, Aizul
Vaults:4 1 exclusion
Vaults:5 1 exclusion
Depths:4 exclusions: 2 obsidian statues and 1 more exclusion
Depths:5 exclusion: 2 upstairs


Innate Abilities, Weirdness & Mutations

You are very small and have problems with some larger weapons.
You are too small for most types of armour.
You have supernaturally acute eyesight. (SInv)
You are a herbivore.
You cover ground extremely quickly.
You need consume almost no food.
Your body sometimes deteriorates upon taking damage.
You have an increased reservoir of magic. (+10% MP)
You passively map a small area around you.
You do not regenerate when monsters are visible.


Message History

Unknown command.
Unknown command.
Unknown command.
Unknown command.
Unknown command.
Casting: Dispersal
Confirm with . or Enter, or press ? or * to list all spells.
Blink to where?
Press: ? - help, Dir - move target cursor, p - Viaporof You miscast Controlled Blink.
You are very lightly contaminated with residual magic.
You feel uncomfortable.
* * * LOW MAGIC WARNING * * *
Viaporof bursts into living lightning!
The living lightning misses you. x2; Viaporof blinks!
Tyczick gestures at you. The iron shot hits you!
Ouch! That really hurt!
You die...
Your body crumbles into a pile of gold.

▓▓▓▓▓▓▓▓▓▓▓
▓▓.........▓▓
▓▓......&....▓▓
▓.............▓▓
*"u.............▓▓ *
,sG..............▓▓
([........§......▓▓
$s=u...#'#.......∩.▓
2[...2u&§@.§..&..▓▓
* 4.......§§§§....▓▓
.........p.§...▓▓
▓...§§§.......▓▓
▓▓.§§∩§......▓▓
▓▓.§§§.....▓▓
▓▓▓▓▓▓▓▓▓▓▓


You could see Jauter (invisible), Tyczick (invisible), Xiry, a Killer Klown, a
green very ugly thing, a red ugly thing and a shadow demon.

Vanquished Creatures
  the Royal Jelly (Slime:5)
  Bai Suzhen (Depths:1)
  Vashnia (Snake:4)
  2 curse toes
  Saint Roka (Elf:2)
  4 caustic shrikes
  3 golden dragons
  Geryon (Hell)
  3 bone dragons
  10 tentacled monstrosities
  2 liches
  3 titans (Vaults:5)
  4 deep elf blademasters
  2 deep elf master archers
  2 quicksilver dragons
  The ghost of grisnicke the Severer, an adept HOMo of Beogh (Shoals:3)
  A tentacled starspawn (Abyss:3)
  22 acid blobs
  Polyphemus (Shoals:4)
  A quicksilver dragon (shapeshifter) (Vaults:5)
  5 death cobs
  A sphinx (Vaults:5)
  2 sphinxes (shapeshifter) (Depths:4)
  10 tengu reavers
  An ancient champion (Crypt:3)
  7 shadow dragons
  Donald (Elf:2)
  3 revenants
  7 storm dragons
  Ilsuiw (Shoals:4)
  6 draconian monks
  A nagaraja (Snake:4)
  8 fire giants
  5 ghost moths
  Louise (Snake:1)
  7 frost giants
  5 deep elf sorcerers
  11 vault wardens
  An iron dragon (Zig:2)
  4 draconian scorchers
  19 azure jellies
  7 draconian annihilators
  2 draconian knights
  3 balrugs
  5 imperial myrmidons (Desolation)
  An orc warlord (Orc:2)
  6 ghouls
  3 curse skulls
  An emperor scorpion (Zig:10)
  2 angels (Vaults:4)
  2 draconian shifters
  3 deep elf elementalists
  3 spriggan defenders
  33 very ugly things
  3 entropy weavers
  8 ironheart preservers
  3 draconian stormcallers (Zot:4)
  29 stone giants
  4 reapers (Crypt:3)
  4 war gargoyles
  7 black draconians
  A starcursed mass (Abyss:1)
  A juggernaut skeleton (Crypt:2)
  7 deep elf demonologists
  8 green draconians
  2 dire elephants
  3 vampire knights
  7 purple draconians
  5 yellow draconians
  4 deep elf annihilators (Elf:3)
  7 red draconians
  6 spark wasps
  A lorocyproca (Hell)
  3 white draconians
  5 crystal guardians
  9 eidola
  4 ettins
  3 merfolk impalers
  Josephine (Snake:1)
  2 quicksilver dragon zombies
  13 deep elf death magi
  3 jiangshi (Crypt:1)
  3 merfolk javelineers
  2 deep elf high priests (Elf:3)
  A fire dragon (Depths:1)
  3 blizzard demons
  10 naga warriors
  9 death oozes
  10 ogre magi
  6 ragged hierophants (Desolation)
  10 great orbs of eyes
  13 yaktaur captains
  11 hydras
  Harold (D:10)
  8 ice dragons
  5 servants of whispers (Desolation)
  8 vault guards
  6 centaur warriors
  4 rakshasas
  2 merfolk avatars
  4 peacekeepers (Desolation)
  An alligator snapping turtle (Shoals:4)
  2 catoblepae
  6 anacondas
  5 merfolk aquamancers
  2 death yaks (Shoals:4)
  2 spriggan air magi
  A two-headed ogre (shapeshifter) (Vaults:1)
  2 death knights
  9 tengu warriors
  8 deep troll shamans
  A death yak (shapeshifter) (Depths:4)
  A hell hog (Abyss:3)
  5 naga sharpshooters
  5 shock serpents
  28 two-headed ogres
  13 deep elf knights
  5 deep troll earth magi
  5 thrashing horrors
  A spriggan berserker (D:15)
  A storm dragon zombie (Vaults:3)
  2 sun demons (Hell)
  3 vampire magi
  2 orc high priests (Orc:2)
  Sonja (D:12)
  8 soul eaters
  4 shadow wraiths
  2 iron trolls
  4 anaconda zombies
  A spatial maelstrom (Zig:5)
  A sixfirhy (Abyss:1)
  4 salamander mystics
  3 wizards
  3 wretched stars
  A death drake (shapeshifter) (Depths:4)
  7 unseen horrors
  13 sea snakes
  4 glowing orange brains
  2 obsidian statues (Depths:4)
  A shadow demon (Zig:7)
  6 naga ritualists
  16 skeletal warriors
  A ghost moth zombie (Crypt:1)
  2 swamp dragons (shapeshifter)
  A shambling mangrove (Abyss:3)
  18 phantasmal warriors
  16 deep trolls
  A storm dragon skeleton (Vaults:3)
  2 flayed ghosts
  11 large abominations
  13 deep elf archers
  2 golden dragon skeletons (Crypt:3)
  An anaconda skeleton (Crypt:3)
  Pikel (D:7)
  10 necromancers
  12 ironbrand convokers
  A wolf spider zombie (D:15)
  4 mana vipers
  9 wolf spiders
  A shadow dragon skeleton (Vaults:3)
  23 harpies
  A mana viper (shapeshifter) (Vaults:4)
  11 orc knights
  68 deep elf magi
  A fire giant zombie (Zig:7)
  An iron dragon zombie (Hell)
  8 fauns
  2 shining eyes
  A wolf spider (shapeshifter) (Depths:2)
  A moth of wrath (shapeshifter) (Depths:2)
  54 ugly things
  An orc sorcerer (Abyss:1)
  2 stone giant zombies
  10 salamanders
  13 oklob plants
  16 manticores
  8 merfolk sirens
  2 frost giant zombies
  7 cyclopes
  2 worldbinders (Abyss:3)
  14 naga magi
  A dire elephant zombie (Crypt:1)
  3 stone giant skeletons
  2 frost giant skeletons (Crypt:3)
  13 guardian serpents
  14 moths of wrath
  3 eyes of devastation
  3 fire giant skeletons
  4 rust devils
  26 black mambas
  25 spiny frogs
  10 vault sentinels
  4 molten gargoyles
  5 smoke demons
  2 spiny frogs (shapeshifter)
  3 gargoyles (Depths:4)
  2 torpor snails
  5 water nymphs
  2 torpor snails (shapeshifter) (Depths:4)
  2 storm dragon simulacra
  3 human zombies (Vaults:3)
  52 yaktaurs
  An elf zombie (Hell)
  3 yaktaurs (shapeshifter)
  A komodo dragon (shapeshifter) (Depths:2)
  9 komodo dragons
  17 freezing wraiths
  A grey draconian skeleton (Crypt:1)
  A tormentor (Abyss:1)
  2 efreet
  4 rime drakes
  5 tengu conjurers
  10 hellwings
  A purple draconian skeleton (Crypt:1)
  A silent spectre (Zig:7)
  2 ancient zymes
  3 demonic crawlers
  3 hydra zombies
  A merfolk (shapeshifter) (Vaults:4)
  2 ice devils
  8 wind drakes
  A red devil (Hell)
  2 queen bees (shapeshifter)
  A jumping spider (shapeshifter) (Depths:2)
  27 merfolk
  2 polar bears
  3 polar bears (shapeshifter)
  2 meliai (shapeshifter)
  10 trolls
  8 raiju
  3 jumping spiders
  49 saltlings (Desolation)
  10 hornets
  A hornet (shapeshifter) (Elf:3)
  A deep troll zombie (Hell)
  A dream sheep (shapeshifter) (Depths:4)
  3 tyrant leeches (Lair:6)
  A tyrant leech (shapeshifter) (D:13)
  14 hippogriffs
  An alligator zombie (Hell)
  5 snapping turtles
  A bog body (Crypt:2)
  A fire dragon zombie (Crypt:2)
  16 dream sheep
  31 blink frogs
  A hippogriff (shapeshifter) (Vaults:3)
  A frost giant simulacrum (Crypt:1)
  126 slime creatures
  2 fire giant simulacra
  A human simulacrum (Vaults:3)
  5 flying skulls (Crypt:1)
  2 stone giant simulacra
  2 alligator skeletons (Hell)
  2 vampires (D:14)
  2 ice dragon skeletons (Crypt:3)
  A tarantella (Vaults:4)
  8 redbacks
  4 spriggans
  5 shadows
  3 wyverns
  A dire elephant simulacrum (Crypt:1)
  34 yaks
  A yak (shapeshifter) (D:13)
  A ynoxinul (Abyss:3)
  12 air elementals
  20 water elementals
  11 wraiths
  A black mamba zombie (Crypt:2)
  4 dancing weapons
  3 ettin skeletons
  A redback (shapeshifter) (Depths:4)
  A fire dragon skeleton (Crypt:3)
  A human (shapeshifter) (Vaults:3)
  8 fire elementals
  2 golden eyes (Abyss:3)
  4 basilisks
  4 steam dragons (Shoals:2)
  A neqoxec (Depths:3)
  3 hungry ghosts
  8 vampire mosquitoes
  A chaos spawn (Abyss:1)
  19 nagas
  9 wargs
  4 acid dragons
  16 water moccasins
  A swamp worm (shapeshifter) (Depths:4)
  A spiny frog zombie (Hell)
  7 porcupines
  5 hell hounds
  4 soldier ants
  42 orc warriors
  A two-headed ogre skeleton (Crypt:2)
  A floating eye (shapeshifter) (Vaults:5)
  6 ice beasts
  7 sky beasts
  4 necrophages
  A spiny frog skeleton (Hell)
  4 eyes of draining
  31 ogres
  3 phantoms
  A black bear (Lair:1)
  A manticore zombie (Crypt:3)
  45 wolves
  A swamp dragon skeleton (Crypt:2)
  7 boggarts
  7 centaurs
  A crocodile (shapeshifter) (D:13)
  6 crocodiles
  A snapping turtle skeleton (Crypt:1)
  6 big kobolds
  29 bullfrogs
  2 wyvern zombies
  10 earth elementals
  2 ogre simulacra (Vaults:1)
  6 human skeletons
  9 wyvern skeletons (Crypt:3)
  2 scorpions
  16 small abominations
  2 yak zombies (Crypt:2)
  2 spriggan zombies
  15 killer bees
  2 howler monkeys (D:11)
  16 wights
  3 electric eels
  A wolf zombie (Crypt:2)
  3 crimson imps
  A quasit (D:11)
  7 centaur skeletons
  5 centaur zombies
  19 orc priests
  A wyvern simulacrum (D:12)
  2 bullfrog skeletons
  A gnoll shaman (D:7)
  8 hounds
  2 iron imps (Abyss:1)
  3 jellies
  32 orc wizards
  Terence (D:2)
  6 iguanas
  A lightning spire (Zig:7)
  8 worker ants
  3 bullfrog simulacra (D:12)
  A hound skeleton (D:8)
  A hound zombie (D:6)
  2 worker ant zombies
  8 gnolls
  A howler monkey skeleton (D:7)
  11 adders
  A steam dragon skeleton (Crypt:2)
  A shadow imp (Zig:7)
  17 white imps
  5 ufetubi
  A worm zombie (Crypt:2)
  A lava snake zombie (Crypt:1)
  2 adder skeletons (D:6)
  An adder zombie (D:5)
  A worm (D:2)
  A ball lightning (Depths:4)
  A dart slug (D:3)
  2 leopard geckos
  99 orcs
  2 ball pythons
  A bat (shapeshifter) (Depths:4)
  3 giant cockroaches (D:5)
  6 goblins
  5 hobgoblins
  12 jackals
  12 kobolds
  A quokka (D:8)
  A river rat zombie (Crypt:2)
  8 bats
  A frilled lizard (D:1)
  3 rats
  A fungus (D:9)
  3 plants (Lair:5)
  2 withered plants
2475 creatures vanquished.

Vanquished Creatures (collateral kills)
  An ancient lich (Crypt:3)
  An orb of fire (Zot:3)
  A greater mummy (Crypt:3)
  Sojobo (Depths:5)
  5 golden dragons
  Nikola (Vaults:2)
  A bone dragon (Depths:5)
  the Enchantress (Depths:1)
  Rupert (D:12)
  7 tentacled monstrosities
  5 liches
  A death cob (Zot:3)
  A quicksilver dragon (shapeshifter) (Depths:4)
  2 quicksilver dragons
  An ancient champion (Crypt:3)
  An acid blob (shapeshifter) (Zot:3)
  12 acid blobs (Slime:5)
  An Executioner (Zig:9)
  2 tentacled starspawn (Zig:9)
  A sphinx (Depths:3)
  A draconian monk (Depths:5)
  5 shadow dragons
  5 storm dragons
  A shadow dragon (shapeshifter) (Depths:4)
  8 nagarajas
  7 azure jellies (Slime:5)
  A revenant (Hell)
  An orc warlord (Vaults:5)
  An iron dragon (Vaults:5)
  5 fire giants
  A fire giant (shapeshifter) (Depths:4)
  10 frost giants
  An emperor scorpion (Zig:10)
  2 deep elf sorcerers (Elf:3)
  7 vault wardens
  A ghost moth (Zig:10)
  2 draconian scorchers
  A curse skull (Crypt:2)
  2 draconian shifters (Zot:3)
  A deep elf elementalist (Vaults:5)
  4 reapers
  3 war gargoyles
  5 very ugly things
  A spriggan defender (Depths:3)
  3 stone giants
  An entropy weaver (Zig:10)
  2 deep elf demonologists
  3 vampire knights
  A green draconian (Depths:5)
  2 deep elf annihilators (Elf:3)
  4 red draconians
  A black draconian (Zot:3)
  3 purple draconians
  5 ettins
  2 yellow draconians
  4 eidola
  3 deep elf death magi
  An ettin (shapeshifter) (Depths:4)
  7 crystal guardians (Depths:4)
  9 death oozes (Slime:5)
  A minotaur (shapeshifter) (Depths:4)
  3 fire dragons
  A merfolk javelineer (Shoals:4)
  A green death (Zig:9)
  5 yaktaur captains (Vaults:5)
  A merfolk impaler (Shoals:4)
  4 deep elf high priests (Vaults:5)
  13 vault guards
  2 rakshasas
  2 great orbs of eyes
  12 naga warriors
  An ice dragon (Depths:3)
  A centaur warrior (Vaults:1)
  A peacekeeper (Desolation)
  A spriggan air mage (Depths:1)
  An anaconda (Zig:11)
  3 death knights
  3 merfolk aquamancers
  12 two-headed ogres
  2 thrashing horrors
  A death yak (shapeshifter) (Depths:4)
  A deep troll earth mage (D:13)
  3 ogre magi
  A deep troll shaman (Depths:3)
  A vampire mage (Crypt:1)
  5 dancing weapons
  A spriggan berserker (Depths:5)
  A shock serpent (Snake:4)
  2 soul eaters
  2 deep elf knights
  3 naga sharpshooters
  A titan skeleton (Hell)
  2 salamander mystics (Snake:4)
  10 skeletal warriors
  An iron giant zombie (Crypt:1)
  An iron troll (Depths:2)
  3 deep trolls (Depths:2)
  A glowing orange brain (shapeshifter) (Depths:4)
  An unseen horror (Zig:6)
  A glowing orange brain (Zig:6)
  A swamp dragon (shapeshifter) (Depths:4)
  A sphinx zombie (Hell)
  An obsidian statue (Zig:5)
  A shadow dragon zombie (Crypt:3)
  An orb spider (shapeshifter) (Depths:4)
  2 naga ritualists
  6 necromancers (Crypt:3)
  An orb spider (Zig:10)
  7 mana vipers
  8 orc knights
  6 phantasmal warriors
  A stone giant zombie (Hell)
  2 frost giant zombies
  A wolf spider (Zig:10)
  4 deep elf magi
  An iron dragon zombie (Crypt:3)
  9 ironbrand convokers
  3 orc sorcerers (Orc:2)
  3 shining eyes
  An oklob plant (Zig:10)
  A manticore (shapeshifter) (Zig:12)
  A cyclops (shapeshifter) (Depths:4)
  6 salamanders
  4 ugly things
  2 worldbinders
  3 moths of wrath
  A fire giant zombie (Crypt:3)
  9 black mambas
  2 eyes of devastation
  An elephant (shapeshifter) (Depths:5)
  An apocalypse crab (Zig:9)
  A dire elephant zombie (Hell)
  8 naga magi
  An eye of devastation (shapeshifter) (Zig:12)
  5 guardian serpents
  5 vault sentinels
  A smoke demon (Abyss:1)
  2 torpor snails (Zig:10)
  A water nymph (Shoals:3)
  A hellion (Hell)
  5 yaktaurs
  A demonic crawler (Zig:10)
  5 freezing wraiths
  5 hellwings (Crypt:3)
  2 ancient zymes
  A hydra zombie (Crypt:1)
  2 red devils (Hell)
  An ice devil (Zig:7)
  2 merfolk
  A harpy zombie (Crypt:3)
  A jumping spider (Zig:10)
  A polar bear (shapeshifter) (Depths:5)
  5 raiju
  A slime creature (shapeshifter) (Zig:11)
  10 slime creatures
  An alligator zombie (Crypt:3)
  A raiju (shapeshifter) (Vaults:4)
  An ettin zombie (Crypt:3)
  An ice dragon zombie (Crypt:3)
  A hippogriff (Zig:11)
  2 tarantellas (shapeshifter) (Depths:4)
  A redback (Zig:10)
  A redback (shapeshifter) (Zig:12)
  An air elemental (Depths:4)
  2 fire bats (Depths:3)
  9 water elementals
  2 wraiths (Crypt:1)
  A shadow (Zig:7)
  2 yaks
  3 tarantellas (Zig:10)
  5 large abominations
  2 ushabtiu (Crypt:3)
  Grum (Lair:1)
  3 fire elementals
  2 neqoxecs
  2 wargs
  41 nagas
  A tengu zombie (Hell)
  4 insubstantial wisps (Depths:4)
  A water nymph skeleton (Crypt:2)
  A floating eye (Depths:3)
  A hell hound (Zig:9)
  21 orc warriors
  3 eyes of draining
  A manticore zombie (Crypt:3)
  23 ogres
  2 wolves
  A boggart (Depths:3)
  A necrophage (Zig:7)
  2 small abominations
  A big kobold (D:11)
  4 earth elementals (Depths:4)
  A gnoll sergeant (D:11)
  A wyvern skeleton (Crypt:3)
  2 killer bees (D:10)
  3 wights
  A howler monkey (D:11)
  A crimson imp (Hell)
  A jelly (Zig:9)
  9 orc priests
  3 orc wizards
  5 hell rats (Hell)
  A bullfrog simulacrum (D:12)
  A felid zombie (Crypt:1)
  A mummy (Crypt:3)
  6 gnolls
  A white imp (D:12)
  8 ball lightnings (Depths:4)
  36 orcs
  A jackal (D:11)
  A kobold (D:10)
  2 starspawn tentacles (Zig:9)
  A withered plant (Crypt:3)
683 creatures vanquished.

Vanquished Creatures (others)
  81 eldritch tentacles
  A revenant (Zig:8)
  A nagaraja (Zig:11)
  A fire giant (Vaults:5)
  A deep elf sorcerer (Elf:2)
  An emperor scorpion (Zig:10)
  A very ugly thing (Zig:12)
  A naga sharpshooter (Zig:11)
  11 vault guards (Vaults:5)
  An anaconda (Zig:11)
  A vampire mage (Depths:2)
  A deep troll shaman (Depths:3)
  A deep troll earth mage (Depths:3)
  A sun demon (Hell)
  An ugly thing (Zig:12)
  A merfolk siren (Shoals:4)
  2 black mambas (Zig:11)
  2 jumping spiders (Zig:10)
  2 yaktaurs
  2 red devils (Hell)
  A jumping spider (shapeshifter) (Zig:12)
  A tarantella (Zig:10)
  62 dancing weapons
  A spriggan simulacrum (Zig:9)
  An ogre (Depths:2)
  2 centaurs (D:13)
  A hell rat (Hell)
  5 ball lightnings (Depths:4)
  An orc (Vaults:5)
  A bat (D:2)
  6 fungi
  26 plants (Lair:6)
  11 starspawn tentacles
  3 withered plants (Crypt:3)
236 creatures vanquished.

Grand Total: 3394 creatures vanquished

Notes
Turn   | Place    | Note
-------+----------+-------------------------------------------
     0 | D:1      | vev the Spriggan Enchanter began the quest for the Orb.
     0 | D:1      | Reached XP level 1. HP: 9/9 MP: 5/5
   704 | D:2      | Reached XP level 2. HP: 13/13 MP: 6/6
   882 | D:2      | Reached XP level 3. HP: 9/16 MP: 6/8
  1023 | D:2      | Learned a level 2 spell: Ensorcelled Hibernation
  1060 | D:2      | Found a sparkling altar of Nemelex Xobeh.
  1110 | D:2      | Noticed Terence
  1114 | D:2      | Killed Terence
  1114 | D:2      | Reached skill level 2 in Short Blades
  1114 | D:2      | Reached skill level 5 in Stealth
  1114 | D:2      | Reached skill level 3 in Spellcasting
  1114 | D:2      | Reached skill level 4 in Hexes
  1405 | D:2      | Found a glowing golden altar of the Shining One.
  1469 | D:2      | Found a stormy altar of Qazlal.
  1760 | D:3      | Found a faded altar of an unknown god.
  1816 | D:3      | Reached XP level 4. HP: 8/21 MP: 4/9
  2165 | D:3      | Learned a level 3 spell: Confuse
  2169 | D:3      | Learned a level 3 spell: Tukima's Dance
  2247 | D:3      | Reached skill level 1 in Fighting
  2398 | D:3      | Reached skill level 4 in Dodging
  3497 | D:4      | Reached XP level 5. HP: 26/26 MP: 9/11
  3878 | D:4      | Noticed an ogre
  3900 | D:4      | Killed an ogre
  3973 | D:4      | Found a hazy altar of Hepliaklqana.
  4193 | D:4      | Reached skill level 5 in Hexes
  4500 | D:5      | Entered Level 5 of the Dungeon
  4616 | D:5      | Reached XP level 6. HP: 26/30 MP: 3/12
  4806 | D:5      | Reached skill level 2 in Fighting
  5073 | D:5      | Reached skill level 3 in Short Blades
  5094 | D:5      | Gained mutation: You passively map a small area around you. [potion of mutation]
  5094 | D:5      | Gained mutation: You have an increased reservoir of magic. (+10% MP) [potion of mutation]
  5094 | D:5      | Gained mutation: You have sharp fingernails. [potion of mutation]
  5094 | D:5      | Gained mutation: You possess an exceptional clarity of mind. [potion of mutation]
  5606 | D:5      | Noticed an ice beast
  5631 | D:5      | Killed an ice beast
  5631 | D:5      | Reached skill level 6 in Stealth
  5631 | D:5      | Reached skill level 4 in Spellcasting
  5631 | D:5      | Reached XP level 7. HP: 35/35 MP: 10/15
  5640 | D:5      | Found a staircase to the Ecumenical Temple.
  5647 | Temple   | Entered the Ecumenical Temple
  5946 | Temple   | Became a worshipper of Gozag Ym Sagoz the Greedy
  6048 | D:5      | Reached skill level 6 in Hexes
  6294 | D:6      | Reached skill level 5 in Dodging
  7054 | D:6      | Found a shattered altar of Ashenzari.
  7054 | D:6      | Found a sparkling altar of Nemelex Xobeh.
  7054 | D:6      | Found a radiant altar of Vehumet.
  7054 | D:6      | Found an iron altar of Okawaru.
  7073 | D:6      | Found a shimmering altar of Xom.
  7079 | D:6      | Found a basalt altar of Yredelemnul.
  7758 | D:7      | Found a blossoming altar of Fedhas.
  7843 | D:7      | Reached skill level 7 in Hexes
  7851 | D:7      | Reached XP level 8. HP: 39/39 MP: 11/17
  7956 | D:7      | Reached skill level 3 in Fighting
  7956 | D:7      | Reached skill level 4 in Short Blades
  7982 | D:7      | Noticed Pikel
  8013 | D:7      | Killed Pikel
  8013 | D:7      | Reached skill level 6 in Dodging
  8013 | D:7      | Reached skill level 7 in Stealth
  8013 | D:7      | Reached skill level 5 in Spellcasting
  8437 | D:7      | Found Afruog's Gadget Shoppe.
  8604 | D:8      | Noticed a two-headed ogre
  8696 | D:8      | Reached skill level 8 in Hexes
  8753 | D:8      | Found a burning altar of Makhleb.
  8772 | D:8      | Reached skill level 8 in Stealth
  8794 | D:8      | Learned a level 1 spell: Apportation
  9002 | D:8      | Reached XP level 9. HP: 45/45 MP: 20/20
  9116 | D:8      | Reached skill level 7 in Dodging
  9122 | D:8      | Reached skill level 6 in Spellcasting
  9187 | D:8      | Killed a two-headed ogre
  9187 | D:8      | Reached skill level 4 in Fighting
  9187 | D:8      | Reached skill level 5 in Short Blades
  9187 | D:8      | Reached skill level 9 in Hexes
  9621 | D:8      | Reached skill level 9 in Stealth
 10152 | D:9      | Noticed a troll
 10155 | D:9      | Killed a troll
 10168 | D:9      | Reached skill level 8 in Dodging
 10302 | D:9      | Found a white marble altar of Elyvilon.
 10365 | D:9      | Noticed an unseen horror
 10383 | D:9      | Killed an unseen horror
 10383 | D:9      | Reached skill level 7 in Spellcasting
 10383 | D:9      | Reached skill level 10 in Hexes
 10383 | D:9      | Reached XP level 10. HP: 44/51 MP: 23/23
 10393 | D:9      | Identified the Handbook of Necromancy and Glamour
 10448 | D:9      | Found a staircase to the Lair.
 10616 | D:9      | Noticed a two-headed ogre
 10628 | D:9      | Found a bloodstained altar of Trog.
 10706 | D:9      | Killed a two-headed ogre
 10706 | D:9      | Reached skill level 6 in Short Blades
 11045 | D:9      | Reached skill level 1 in Translocations
 11154 | D:9      | Reached skill level 10 in Stealth
 11427 | D:9      | Reached skill level 2 in Translocations
 11431 | D:9      | Reached skill level 5 in Fighting
 11431 | D:9      | Reached skill level 3 in Translocations
 11612 | D:10     | Entered Level 10 of the Dungeon
 11617 | D:10     | Found Piof's Book Shoppe.
 11622 | D:10     | Bought a book of Party Tricks for 600 gold pieces
 11629 | D:10     | Learned a level 6 spell: Invisibility
 11631 | D:10     | Learned a level 1 spell: Summon Butterflies
 11757 | D:10     | Noticed Harold
 11821 | D:10     | Killed Harold
 11821 | D:10     | Reached skill level 9 in Dodging
 11991 | D:10     | Learned a level 3 spell: Lesser Beckoning
 12143 | D:10     | Noticed a white ugly thing
 12154 | D:10     | Killed a white ugly thing
 12154 | D:10     | Reached skill level 8 in Spellcasting
 12154 | D:10     | Reached skill level 11 in Hexes
 12482 | D:10     | Reached XP level 11. HP: 51/56 MP: 26/26
 12593 | D:10     | Reached skill level 11 in Stealth
 12626 | D:10     | Noticed a two-headed ogre
 12639 | D:10     | Killed a two-headed ogre
 12639 | D:10     | Reached skill level 7 in Short Blades
 13350 | D:11     | Reached skill level 10 in Dodging
 13409 | D:11     | Found a staircase to the Orcish Mines.
 13606 | D:11     | Noticed a phantasmal warrior
 13608 | D:11     | Noticed a skeletal warrior
 13647 | D:10     | Killed a phantasmal warrior
 13771 | D:10     | Killed a skeletal warrior
 13771 | D:10     | Reached skill level 6 in Fighting
 13771 | D:10     | Reached skill level 8 in Short Blades
 13874 | D:11     | Reached skill level 12 in Hexes
 14008 | D:11     | Noticed a death knight
 14094 | D:11     | Reached skill level 9 in Spellcasting
 14356 | D:11     | Killed a death knight
 14915 | Lair:1   | Entered Level 1 of the Lair of Beasts
 14927 | Lair:1   | Noticed Grum
 14952 | Lair:1   | Killed Grum
 14982 | Lair:1   | Reached skill level 12 in Stealth
 14982 | Lair:1   | Reached XP level 12. HP: 61/61 MP: 17/28
 15266 | Lair:1   | Noticed an eight-headed hydra
 15302 | Lair:1   | Killed an eight-headed hydra
 15302 | Lair:1   | Reached skill level 9 in Short Blades
 15302 | Lair:1   | Reached skill level 11 in Dodging
 15932 | Lair:1   | Bought a glowing dagger for 200 gold pieces
 15937 | Lair:1   | Bought a fine rapier for 360 gold pieces
 15937 | Lair:1   | Identified the +8 rapier of Beogh's Approval {flame, Fragile +Fly MR+++ SInv} (You bought it in a shop on level 1 of the Lair of Beasts)
 16117 | Lair:2   | Noticed a five-headed hydra
 16131 | Lair:2   | Killed a five-headed hydra
 16299 | Lair:2   | Learned a level 5 spell: Summon Mana Viper
 16451 | Lair:2   | Reached skill level 10 in Spellcasting
 16805 | Lair:2   | Found a staircase to the Shoals.
 16856 | Lair:3   | Reached skill level 1 in Summonings
 16897 | Lair:3   | Found a staircase to the Snake Pit.
 16958 | Lair:3   | Got a brightly glowing long sword
 17015 | Lair:3   | Reached skill level 2 in Summonings
 17061 | Lair:3   | Identified the +3 long sword "Lechutaf" {holy, rC- Str+2 Dex+3 Stlth+} (You found it on level 3 of the Lair of Beasts)
 17150 | Lair:3   | Reached skill level 3 in Summonings
 17330 | Lair:3   | Reached skill level 4 in Summonings
 17931 | Lair:4   | Reached skill level 5 in Summonings
 18128 | Lair:4   | Reached skill level 10 in Short Blades
 18166 | Lair:4   | Reached skill level 1 in Shields
 18172 | Lair:4   | Reached XP level 13. HP: 66/66 MP: 8/30
 18255 | Lair:4   | Got a crude garnet amulet
 18258 | Lair:4   | Reached skill level 2 in Shields
 18822 | Lair:5   | Reached skill level 3 in Shields
 19107 | Lair:5   | Found a staircase to the Slime Pits.
 19119 | Lair:5   | Reached skill level 4 in Shields
 19380 | Lair:5   | Reached skill level 5 in Shields
 20147 | Lair:6   | Entered Level 6 of the Lair of Beasts
 20189 | Lair:6   | Reached skill level 6 in Shields
 20440 | Lair:6   | Reached skill level 7 in Shields
 20624 | Lair:5   | Reached skill level 7 in Fighting
 20635 | Lair:5   | Reached skill level 13 in Stealth
 21386 | Lair:6   | Reached skill level 13 in Hexes
 21395 | Lair:6   | Reached skill level 12 in Dodging
 21550 | Lair:6   | Reached XP level 14. HP: 62/72 MP: 19/31
 22197 | Lair:6   | Reached skill level 14 in Stealth
 22518 | Lair:6   | Reached skill level 13 in Dodging
 23306 | Lair:1   | Identified the amulet of Dotayg {Gourm +Inv rPois Str+8 Dex-3} (You found it on level 4 of the Lair of Beasts)
 23307 | Lair:1   | Bought the ring of Ytiheus {*Contam +Fly AC+2 Str+6 SInv} for 545 gold pieces
 23463 | D:12     | Reached skill level 1 in Evocations
 23548 | D:12     | Reached skill level 2 in Evocations
 23564 | D:12     | Noticed Sonja
 23576 | D:12     | Killed Sonja
 23576 | D:12     | Reached skill level 3 in Evocations
 23619 | D:12     | Reached skill level 4 in Evocations
 23796 | D:12     | Noticed Rupert
 23915 | D:12     | Killed Rupert
 23915 | D:12     | Reached skill level 5 in Evocations
 23976 | D:12     | Reached skill level 6 in Evocations
 24878 | D:13     | Reached skill level 4 in Translocations
 24929 | D:13     | Found a gate to the Vaults.
 24962 | D:13     | Reached skill level 5 in Translocations
 25181 | D:13     | Found a runed door.
 25182 | D:13     | Noticed a storm dragon
 25184 | D:13     | Noticed a vampire knight
 26224 | D:14     | Found a basalt altar of Yredelemnul.
 26241 | D:14     | Reached skill level 8 in Fighting
 26445 | D:14     | Reached skill level 6 in Translocations
 26876 | D:14     | Reached skill level 7 in Translocations
 27253 | D:14     | Found a runed door.
 27274 | D:14     | Noticed a fire giant
 27276 | D:14     | Killed a fire giant
 27291 | D:14     | Noticed a frost giant
 27291 | D:14     | Noticed a stone giant
 27293 | D:14     | Killed a stone giant
 27293 | D:14     | Reached skill level 8 in Translocations
 27295 | D:14     | Killed a frost giant
 27381 | D:15     | Entered Level 15 of the Dungeon
 27510 | D:15     | Reached XP level 15. HP: 59/77 MP: 27/32
 27626 | D:15     | Got a transparent falchion
 27704 | D:15     | Reached skill level 14 in Hexes
 27822 | D:15     | Reached skill level 14 in Dodging
 27822 | D:15     | Reached skill level 9 in Translocations
 27849 | D:15     | Reached skill level 15 in Stealth
 27930 | D:15     | Reached skill level 10 in Translocations
 28143 | D:15     | Learned a level 6 spell: Dispersal
 28208 | D:15     | Found a staircase to the Depths.
 29173 | Orc:1    | Entered Level 1 of the Orcish Mines
 29201 | Orc:1    | Reached skill level 9 in Fighting
 29215 | Orc:1    | Reached skill level 11 in Translocations
 29625 | Orc:2    | Entered Level 2 of the Orcish Mines
 30328 | Orc:2    | Found Baqydoh's Antique Armour Shoppe.
 30328 | Orc:2    | Found Ydimm's Magic Scroll Boutique.
 30329 | Orc:2    | Found Vulyiphocoekk's Armour Boutique.
 30329 | Orc:2    | Found Fiohuhoz's Antique Armour Emporium.
 30335 | Orc:2    | Found a staircase to the Elven Halls.
 30378 | Orc:2    | Reached skill level 12 in Translocations
 30382 | Orc:2    | Reached skill level 16 in Stealth
 30448 | Orc:2    | Reached skill level 15 in Dodging
 30502 | Orc:2    | Found Loageo Zoduo's Armour Emporium.
 30541 | Orc:2    | Found a roughly hewn altar of Beogh.
 30664 | Orc:2    | Noticed an orc warlord
 30792 | Orc:2    | Bought a scroll of identify for 26 gold pieces
 30792 | Orc:2    | Bought a scroll of identify for 26 gold pieces
 30792 | Orc:2    | Bought a scroll of magic mapping for 45 gold pieces
 30792 | Orc:2    | Identified the cursed +1 falchion "Killer Bee's Curse" {venom, rPois rC+ Str+2} (You found it on level 15 of the Dungeon)
 30798 | Orc:2    | Bought a glowing robe for 107 gold pieces
 30958 | Orc:2    | Killed an orc warlord
 32342 | Lair:1   | Bought the ring "Riasch" {rF+ Int+4 Stlth+} for 832 gold pieces
 32540 | Elf:1    | Entered Level 1 of the Elven Halls
 32595 | Elf:1    | Found Gimom's Jewellery Shop.
 32596 | Elf:1    | Found Saebbur's Magic Scroll Boutique.
 32596 | Elf:1    | Found Ylyss's Book Shop.
 32606 | Elf:1    | Found Xonuxoshre's Book Boutique.
 32617 | Elf:1    | Bought a scroll of recharging for 142 gold pieces
 32617 | Elf:1    | Bought a scroll of identify for 30 gold pieces
 32617 | Elf:1    | Bought a scroll of identify for 30 gold pieces
 32617 | Elf:1    | Bought a scroll of identify for 30 gold pieces
 32704 | Elf:1    | Reached XP level 16. HP: 84/84 MP: 31/34
 33152 | Elf:1    | Reached skill level 10 in Fighting
 33590 | Elf:2    | Noticed Aizul
 33943 | Elf:3    | Entered Level 3 of the Elven Halls
 33988 | Elf:3    | Found a portal to a secret trove of treasure.
 34352 | Elf:3    | Identified a scroll of acquirement
 34474 | Elf:3    | Reached skill level 17 in Stealth
 35276 | Orc:1    | Reached skill level 11 in Spellcasting
 35866 | Elf:2    | Found a runed gate.
 35867 | Elf:2    | Found a runed gate.
 35871 | Elf:2    | Found a runed gate.
 35892 | Elf:2    | Noticed Donald
 35899 | Elf:2    | Killed Donald
 35899 | Elf:2    | Reached skill level 16 in Dodging
 35900 | Elf:2    | Noticed Agnes
 35935 | Elf:2    | Noticed a deep elf blademaster
 36151 | Elf:2    | Noticed Saint Roka
 36180 | Elf:2    | Killed Saint Roka
 36180 | Elf:2    | Reached skill level 11 in Fighting
 36777 | Elf:2    | Reached XP level 17. HP: 79/91 MP: 28/37
 36991 | Lair:1   | Bought a +0 hat of magic resistance for 176 gold pieces
 37076 | Shoals:1 | Entered Level 1 of the Shoals
 37125 | Shoals:1 | Reached skill level 1 in Armour
 37163 | Shoals:1 | Reached skill level 2 in Armour
 37488 | Shoals:1 | Got a bloodstained cloak
 37499 | Shoals:1 | Identified the +2 cloak of the Mantidfly {Str+2} (You acquired it on level 1 of the Shoals)
 37671 | Shoals:1 | Reached skill level 3 in Armour
 38354 | Shoals:1 | Reached skill level 4 in Armour
 38617 | Shoals:2 | Reached skill level 5 in Armour
 39507 | Shoals:3 | Reached skill level 6 in Armour
 39867 | Shoals:3 | Noticed grisnicke's ghost (adept HOMo)
 39925 | Shoals:3 | Killed grisnicke's ghost
 40132 | Shoals:4 | Entered Level 4 of the Shoals
 40145 | Shoals:4 | Reached skill level 7 in Armour
 40666 | Shoals:4 | Noticed Polyphemus
 40675 | Shoals:4 | Killed Polyphemus
 40675 | Shoals:4 | Reached skill level 8 in Armour
 40894 | Shoals:4 | Learned a level 3 spell: Ozocubu's Armour
 41176 | Shoals:4 | Noticed Ilsuiw
 41326 | Shoals:4 | Got a barnacled rune of Zot
 41583 | Shoals:4 | Killed Ilsuiw
 41583 | Shoals:4 | Reached skill level 9 in Armour
 41982 | Shoals:4 | Reached XP level 18. HP: 41/96 MP: 15/38
 42671 | Lair:1   | Bought the +8 shadow dragon scales "Keifiax" {rF+ Stlth++++} for 1961 gold pieces
 42864 | Vaults:1 | Entered Level 1 of the Vaults
 42871 | Vaults:1 | Got a steaming quick blade
 42872 | Vaults:1 | Identified the +6 quick blade of Poeffiomir {venom, +Rage Str+2} (You acquired it on level 1 of the Vaults)
 42974 | Vaults:1 | Reached skill level 10 in Armour
 43348 | Vaults:1 | Found a roughly hewn altar of Beogh.
 43845 | Vaults:1 | Reached skill level 11 in Armour
 45416 | Vaults:2 | Reached skill level 12 in Armour
 45746 | Vaults:2 | Noticed Nikola
 45772 | Vaults:2 | Killed Nikola
 46809 | Vaults:2 | Reached skill level 13 in Armour
 46918 | Vaults:2 | Reached XP level 19. HP: 87/100 MP: 36/39
 47916 | Vaults:3 | Found Alusud's Distillery.
 47928 | Vaults:3 | Bought a potion of heal wounds for 70 gold pieces
 47928 | Vaults:3 | Bought a potion of haste for 140 gold pieces
 47928 | Vaults:3 | Bought a potion of heal wounds for 70 gold pieces
 47928 | Vaults:3 | Bought a potion of agility for 56 gold pieces
 47928 | Vaults:3 | Bought a potion of haste for 140 gold pieces
 47928 | Vaults:3 | Bought a potion of cancellation for 112 gold pieces
 47928 | Vaults:3 | Bought a potion of might for 56 gold pieces
 48138 | Vaults:3 | Found a staircase to the Crypt.
 48233 | Vaults:3 | Reached skill level 14 in Armour
 48988 | Vaults:3 | Got a fabulously ornate robe
 48989 | Vaults:3 | Identified the +1 robe of Death's Door {rElec rF- MP+9} (You took it off an ogre mage on level 3 of the Vaults)
 49284 | Vaults:4 | Found Hanomi's Jewellery Shop.
 49338 | Vaults:4 | Found Zoarumom's Magic Scroll Shop.
 49399 | Vaults:4 | Found Vumax's General Store.
 49405 | Vaults:4 | Bought a potion of heal wounds for 65 gold pieces
 49405 | Vaults:4 | Bought a potion of heal wounds for 65 gold pieces
 49405 | Vaults:4 | Bought a potion of heal wounds for 65 gold pieces
 49522 | Vaults:4 | Reached skill level 13 in Translocations
 49611 | Vaults:4 | Found Mate's Book Shoppe.
 49619 | Vaults:4 | Bought a book of Minor Magic for 380 gold pieces
 49622 | Vaults:4 | Learned a level 2 spell: Blink
 49628 | Vaults:4 | Found a ruined gateway.
 49727 | Vaults:4 | Found a white marble altar of Elyvilon.
 49727 | Vaults:4 | Found a glowing silver altar of Zin.
 49728 | Vaults:4 | Found a glowing golden altar of the Shining One.
 49739 | Desolati | Entered the Desolation of Salt
 49887 | Desolati | Reached skill level 15 in Hexes
 49941 | Desolati | Reached skill level 14 in Translocations
 50225 | Desolati | Reached XP level 20. HP: 105/105 MP: 40/40
 50231 | Desolati | Got a shimmering lead amulet
 50238 | Desolati | Got a smoking iron ring
 50272 | Desolati | Identified the amulet of the Blue Skies {Spirit rElec rC++ Int-5} (You found it in the Desolation of Salt)
 50273 | Desolati | Identified the ring "Ferchyhust" {rCorr rElec MR++} (You found it in the Desolation of Salt)
 50424 | Desolati | Got a crude golden ring
 50456 | Desolati | Reached skill level 15 in Translocations
 50505 | Desolati | Got a pitted jade ring
 51129 | Desolati | Got a twitching turquoise ring
 51130 | Desolati | Identified the ring of Ezearyas {+Fly rC++ MR- Str+6 Int+2} (You found it in the Desolation of Salt)
 51131 | Desolati | Identified the ring of Fiedumos {Ice *Contam Slay+2 Stlth+} (You found it in the Desolation of Salt)
 51598 | Desolati | Lost mutation: You have sharp fingernails. [mutagenic glow]
 52026 | Vaults:4 | Reached skill level 16 in Hexes
 52381 | Vaults:4 | Bought 2 scrolls of identify for 84 gold pieces
 52381 | Vaults:4 | Bought a scroll of identify for 42 gold pieces
 52381 | Vaults:4 | Bought a scroll of identify for 42 gold pieces
 52381 | Vaults:4 | Identified the ring of the Castellan {rF+ Stlth+} (You found it in the Desolation of Salt)
 54007 | Elf:1    | Bought the Disquisition on Fetching Fire for 1016 gold pieces
 54013 | Elf:1    | Learned a level 5 spell: Silence
 54078 | Elf:3    | Reached skill level 12 in Fighting
 54096 | Elf:3    | Reached skill level 16 in Translocations
 54631 | Elf:3    | HP: 10/108 [acid (11)]
 54642 | Elf:3    | Identified the Catalogue of Dusty Displacement
 55457 | Elf:2    | Reached skill level 13 in Fighting
 56002 | Elf:3    | Identified the Almanac of Flamy Snow
 56179 | Elf:3    | Reached skill level 17 in Translocations
 56268 | Elf:3    | Identified The Intricacies of Secret Knowledge
 56285 | Elf:3    | Identified the Incunabulum of Darkness
 56929 | Snake:1  | Entered Level 1 of the Snake Pit
 56937 | Snake:1  | Reached skill level 1 in Air Magic
 57012 | Snake:1  | Noticed Josephine
 57015 | Snake:1  | Killed Josephine
 57015 | Snake:1  | Reached skill level 2 in Air Magic
 57194 | Snake:1  | Reached skill level 3 in Air Magic
 57231 | Snake:1  | Found Jowkyo's Assorted Antiques.
 57235 | Snake:1  | Bought a scroll labeled XIOTUTHAPN for 29 gold pieces
 57235 | Snake:1  | Bought a scroll of teleportation for 87 gold pieces
 57274 | Snake:1  | Noticed Louise
 57281 | Snake:1  | Killed Louise
 57290 | Snake:1  | Reached skill level 4 in Air Magic
 57320 | Snake:1  | Reached XP level 21. HP: 109/113 MP: 25/41
 57558 | Snake:1  | Reached skill level 5 in Air Magic
 58068 | Snake:2  | Reached skill level 6 in Air Magic
 58448 | Snake:2  | Reached skill level 7 in Air Magic
 58826 | Snake:2  | Reached skill level 8 in Air Magic
 60409 | Snake:3  | Reached skill level 18 in Translocations
 60571 | Snake:4  | Entered Level 4 of the Snake Pit
 62083 | Snake:4  | Reached skill level 19 in Translocations
 62578 | Snake:4  | Noticed Vashnia
 62647 | Snake:4  | Killed Vashnia
 63467 | Snake:4  | Reached skill level 20 in Translocations
 63845 | Snake:4  | Got a serpentine rune of Zot
 64204 | Lair:1   | Learned a level 8 spell: Controlled Blink
 64214 | Lair:1   | Bought a scroll of fog for 52 gold pieces
 64226 | Lair:1   | Bought a Grand Grimoire for 1435 gold pieces
 64410 | Depths:1 | Entered Level 1 of the Depths
 64410 | Depths:1 | Found Uhevop's Elemental Accessories.
 64569 | Depths:1 | Reached skill level 12 in Spellcasting
 64817 | Depths:1 | Noticed the Enchantress
 64899 | Depths:1 | Killed the Enchantress
 65584 | Depths:1 | Got faerie dragon scales
 65595 | Depths:1 | Identified the +1 faerie dragon scales {rCorr Str+4} (You took it off the Enchantress on level 1 of the Depths)
 66158 | Depths:1 | Reached skill level 13 in Spellcasting
 66480 | Depths:1 | Found a gateway to Hell.
 66515 | Depths:1 | Noticed Bai Suzhen
 66568 | Depths:1 | Killed Bai Suzhen
 67135 | Depths:2 | Found a one-way gate leading to the halls of Pandemonium.
 67214 | Depths:2 | Reached XP level 22. HP: 118/118 MP: 44/44
 67271 | Depths:2 | Reached skill level 21 in Translocations
 67694 | Depths:2 | Noticed a golden dragon
 68154 | Depths:2 | Reached skill level 14 in Spellcasting
 68526 | Depths:2 | Found a gateway to a ziggurat.
 68912 | Depths:2 | Reached skill level 22 in Translocations
 68924 | Depths:2 | Learned a level 7 spell: Malign Gateway
 69175 | Depths:2 | Reached skill level 6 in Summonings
 69526 | Depths:2 | Killed a golden dragon
 69734 | Depths:2 | Reached skill level 7 in Summonings
 70275 | Depths:2 | Bought a bread ration for 55 gold pieces
 70275 | Depths:2 | Bought 3 fruits for 49 gold pieces
 70275 | Depths:2 | Bought a bread ration for 55 gold pieces
 70275 | Depths:2 | Bought a bread ration for 55 gold pieces
 70275 | Depths:2 | Bought a bread ration for 55 gold pieces
 70275 | Depths:2 | Bought a bread ration for 55 gold pieces
 70275 | Depths:2 | Bought 4 fruits for 66 gold pieces
 70275 | Depths:2 | Bought a bread ration for 55 gold pieces
 70275 | Depths:2 | Bought a bread ration for 55 gold pieces
 70275 | Depths:2 | Bought a bread ration for 55 gold pieces
 70275 | Depths:2 | Bought a royal jelly for 22 gold pieces
 70471 | Depths:3 | Reached skill level 8 in Summonings
 70841 | Depths:3 | Paralysed by a floating eye for 3 turns
 70980 | Depths:3 | Reached skill level 9 in Summonings
 71766 | Depths:3 | Got a scorched wooden ring
 71767 | Depths:3 | Identified the ring of Cythruim {-Tele +Fly rC- MR+ Dex+2 Slay+5} (You took it off a spriggan defender on level 3 of the Depths)
 72259 | Depths:4 | Reached skill level 10 in Summonings
 72378 | Depths:4 | Noticed a golden dragon
 72378 | Depths:4 | an iron giant changed into a golden dragon
 72380 | Depths:4 | a golden dragon changed into a shadow dragon
 72413 | Depths:4 | Noticed a caustic shrike
 72413 | Depths:4 | an iron giant changed into a caustic shrike
 72427 | Depths:4 | a caustic shrike changed into an iron dragon
 72523 | Depths:4 | Noticed a caustic shrike
 72523 | Depths:4 | a shadow dragon changed into a caustic shrike
 72540 | Depths:4 | a caustic shrike changed into an acid blob
 72619 | Depths:4 | Reached XP level 23. HP: 53/122 MP: 19/46
 72628 | Depths:4 | Noticed a shard shrike
 72629 | Depths:4 | a shard shrike changed into an iron giant
 72644 | Depths:4 | Noticed a caustic shrike
 72644 | Depths:4 | an iron giant changed into a caustic shrike
 72646 | Depths:4 | a caustic shrike changed into a shadow dragon
 73320 | Depths:4 | Reached skill level 1 in Long Blades
 73651 | Depths:4 | Found a one-way gate to the infinite horrors of the Abyss.
 73655 | Depths:4 | Reached skill level 2 in Long Blades
 73777 | Depths:4 | Got a pitted bronze amulet
 73780 | Depths:4 | Identified the amulet "Giobutz" {Harm *Drain Int+3} (You found it on level 4 of the Depths)
 74544 | Depths:5 | Entered Level 5 of the Depths
 74546 | Depths:5 | Noticed a caustic shrike
 74546 | Depths:5 | Noticed a caustic shrike
 74547 | Depths:5 | Noticed a caustic shrike
 74547 | Depths:5 | Noticed a caustic shrike
 74548 | Depths:5 | Killed a caustic shrike
 74548 | Depths:5 | Reached skill level 3 in Long Blades
 74550 | Depths:5 | Killed a caustic shrike
 74550 | Depths:5 | Reached skill level 4 in Long Blades
 74578 | Depths:4 | Killed a caustic shrike
 74607 | Depths:5 | Killed a caustic shrike
 74607 | Depths:5 | Reached skill level 5 in Long Blades
 74614 | Depths:5 | Found Humnis's Magic Scroll Shoppe.
 74622 | Depths:5 | Found Jebou's Food Emporium.
 74624 | Depths:5 | Found Foufrisch's Jewellery Shoppe.
 74766 | Depths:5 | Noticed Sojobo
 74777 | Depths:5 | Killed Sojobo
 74777 | Depths:5 | Reached skill level 6 in Long Blades
 74875 | Depths:5 | Gained mutation: Your body sometimes deteriorates upon taking damage. [mutagenic glow]
 75060 | Depths:5 | Bought a bread ration for 70 gold pieces
 75060 | Depths:5 | Bought a royal jelly for 28 gold pieces
 75060 | Depths:5 | Bought a bread ration for 70 gold pieces
 75062 | Depths:5 | Bought a scroll of teleportation for 75 gold pieces
 75062 | Depths:5 | Bought a scroll of teleportation for 75 gold pieces
 75062 | Depths:5 | Bought a scroll of vulnerability for 187 gold pieces
 75116 | Depths:5 | Reached skill level 7 in Long Blades
 76205 | Depths:5 | Reached skill level 8 in Long Blades
 77110 | Depths:5 | Found a gate to the Realm of Zot.
 77594 | Depths:5 | Reached skill level 9 in Long Blades
 78144 | Lair:1   | Bought an uncursed ring of positive energy for 360 gold pieces
 78415 | Crypt:1  | Entered Level 1 of the Crypt
 79629 | Crypt:1  | Reached skill level 10 in Long Blades
 81275 | Crypt:2  | Reached skill level 11 in Long Blades
 81275 | Crypt:2  | Reached XP level 24. HP: 107/127 MP: 42/46
 81896 | Crypt:3  | Entered Level 3 of the Crypt
 82646 | Crypt:3  | Reached skill level 12 in Long Blades
 83641 | Crypt:3  | Found an ancient bone altar of Kikubaaqudgha.
 83674 | Crypt:3  | Reached skill level 13 in Long Blades
 83876 | Crypt:3  | Found a staircase to the Tomb.
 83876 | Crypt:3  | Noticed a greater mummy
 83883 | Crypt:3  | Killed a greater mummy
 84351 | Crypt:3  | Noticed an ancient lich
 84508 | Crypt:3  | Identified Cigotuvi's Volume of Darkness
 85352 | Crypt:3  | Reached skill level 11 in Short Blades
 85753 | Crypt:3  | Killed an ancient lich
 85753 | Crypt:3  | Reached skill level 12 in Short Blades
 86928 | Lair:1   | Upgraded the game from 0.21-a0-72-gbbb65ab to 0.21-a0-78-g82a99e0
 87508 | D:13     | Reached skill level 13 in Short Blades
 87717 | D:13     | Learned a level 2 spell: Sublimation of Blood
 87877 | Lair:1   | Bought a royal jelly for 28 gold pieces
 87877 | Lair:1   | Bought a royal jelly for 28 gold pieces
 87877 | Lair:1   | Bought a royal jelly for 28 gold pieces
 87877 | Lair:1   | Bought a bread ration for 70 gold pieces
 87877 | Lair:1   | Bought a bread ration for 70 gold pieces
 87877 | Lair:1   | Bought a bread ration for 70 gold pieces
 87889 | Lair:1   | Bought a cursed ring of teleportation for 85 gold pieces
 87943 | Lair:1   | Got a spiked scarf
 87944 | Lair:1   | Identified the scarf "Zaisuaf" {*Slow +Fly rCorr Slay+5} (You acquired it on level 1 of the Lair of Beasts)
 87953 | Lair:1   | Got a bloodstained buckler
 87954 | Lair:1   | Identified the +0 buckler "Pusos" {MP-9 Str+2 Int+3} (You acquired it on level 1 of the Lair of Beasts)
 88526 | Depths:4 | Voluntarily entered the Abyss.
 88527 | Abyss:1  | Found a corrupted altar of Lugonu.
 88882 | Abyss:1  | Found a corrupted altar of Lugonu.
 88988 | Abyss:1  | Found a corrupted altar of Lugonu.
 89605 | Abyss:1  | Reached skill level 14 in Short Blades
 90416 | Abyss:2  | Got a scintillating golden amulet
 90417 | Abyss:2  | Identified the amulet "Reydin" {Harm *Drain rF+++ rC- Dex+4 SInv} (You found it on level 2 of the Abyss)
 90445 | Abyss:2  | Identified Sif Muna's Collected Works on Dislocated Clay
 90599 | Abyss:3  | Found a corrupted altar of Lugonu.
 90665 | Abyss:3  | Reached skill level 15 in Short Blades
 91124 | Abyss:3  | Found a corrupted altar of Lugonu.
 91279 | Abyss:3  | Reached skill level 16 in Short Blades
 91286 | Abyss:3  | Got an abyssal rune of Zot
 92094 | Depths:4 | Escaped the Abyss
 92184 | Zot:1    | Entered Level 1 of the Realm of Zot
 92210 | Zot:1    | Reached skill level 17 in Dodging
 92291 | Zot:1    | Reached XP level 25. HP: 132/132 MP: 46/46
 92734 | Zot:1    | Reached skill level 15 in Armour
 93658 | Zot:2    | Reached skill level 14 in Fighting
 93684 | Zot:2    | Reached skill level 18 in Dodging
 95004 | Zot:3    | Reached skill level 15 in Spellcasting
 95307 | Zot:3    | Noticed an orb of fire
 95519 | Zot:3    | Reached skill level 16 in Spellcasting
 95544 | Zot:3    | Killed an orb of fire
 95593 | Zot:3    | Lost mutation: You possess an exceptional clarity of mind. [mutagenic glow]
 96174 | Zot:4    | Reached skill level 19 in Dodging
 96222 | Zot:3    | Learned a level 2 spell: Passwall
 97196 | Zot:4    | Reached XP level 26. HP: 116/140 MP: 40/49
 97202 | Zot:4    | Reached skill level 15 in Fighting
 97850 | Zot:5    | Entered Level 5 of the Realm of Zot
 98315 | Vaults:4 | Reached skill level 17 in Spellcasting
 98767 | Lair:1   | Learned a level 8 spell: Discord
 99793 | Vaults:5 | Entered Level 5 of the Vaults
 99903 | Vaults:5 | Reached skill level 18 in Spellcasting
 99938 | Vaults:5 | Reached skill level 20 in Dodging
100630 | Vaults:5 | Reached skill level 17 in Hexes
100894 | Vaults:5 | Identified the Incunabulum of Lucky Flames
101762 | Vaults:5 | Reached skill level 18 in Hexes
102040 | Vaults:5 | Got a silver rune of Zot
102577 | Vaults:5 | Reached skill level 19 in Hexes
102850 | Vaults:5 | Got a twitching tin amulet
102933 | Vaults:5 | Learned a level 1 spell: Summon Butterflies
102936 | Vaults:5 | Identified the amulet "Jati Rem" {Spirit Dex+2} (You took it off a yaktaur captain on level 5 of the Vaults)
103778 | Hell     | Entered the Vestibule of Hell
103778 | Hell     | Noticed Geryon
103795 | Hell     | Killed Geryon
104372 | Hell     | Found a gateway to the ashen valley of Gehenna.
104475 | Hell     | Found a gateway to the decaying netherworld of Tartarus.
104721 | Hell     | Found a gateway to the freezing wastes of Cocytus.
104841 | Hell     | Reached skill level 20 in Hexes
104845 | Hell     | Found a gateway to the Iron City of Dis.
105822 | Slime:1  | Entered Level 1 of the Pits of Slime
105849 | Slime:1  | Found a viscous altar of Jiyva.
106126 | Slime:1  | Reached XP level 27. HP: 127/145 MP: 46/50
107211 | Slime:2  | Reached skill level 16 in Fighting
108040 | Slime:5  | Entered Level 5 of the Pits of Slime
108670 | Slime:5  | Noticed the Royal Jelly
108672 | Slime:5  | Found a viscous altar of Jiyva.
108674 | Slime:5  | Reached skill level 17 in Fighting
111693 | Slime:5  | Killed the Royal Jelly
111698 | Slime:5  | Got a brightly glowing platinum amulet
111698 | Slime:5  | Got a slimy rune of Zot
111941 | Slime:4  | Identified the amulet of Equilibrium {Harm *Drain rElec MR+++ Str-3 Dex-3} (You found it on level 5 of the Pits of Slime)
112074 | Lair:1   | Bought a bread ration for 50 gold pieces
112074 | Lair:1   | Bought a royal jelly for 20 gold pieces
112074 | Lair:1   | Bought a bread ration for 50 gold pieces
112074 | Lair:1   | Bought a royal jelly for 20 gold pieces
112329 | Zig:1    | Entered Level 1 of a ziggurat
112355 | Zig:2    | Entered Level 2 of a ziggurat
112378 | Zig:3    | Entered Level 3 of a ziggurat
112646 | Zig:4    | Entered Level 4 of a ziggurat
112709 | Zig:5    | Entered Level 5 of a ziggurat
112739 | Zig:5    | Reached skill level 18 in Fighting
112923 | Zig:6    | Entered Level 6 of a ziggurat
113146 | Zig:7    | Entered Level 7 of a ziggurat
113405 | Zig:8    | Entered Level 8 of a ziggurat
113450 | Zig:8    | Got a transparent silver ring
113456 | Zig:9    | Entered Level 9 of a ziggurat
113707 | Zig:9    | Identified the ring of Dicraelel {rPois rF+ rN+ Str+2} (You found it on level 8 of a ziggurat)
113781 | Zig:9    | Gained mutation: You do not regenerate when monsters are visible. [a neqoxec]
113836 | Zig:9    | Got a coiled steel ring
113837 | Zig:9    | Identified the ring "Qantaf" {-Tele rN+ Str+5 Dex+3} (You found it on level 9 of a ziggurat)
114002 | Zig:10   | Entered Level 10 of a ziggurat
114165 | Zig:10   | Identified the Tome of Dusty Cold
114184 | Zig:10   | Reached skill level 21 in Hexes
114185 | Zig:10   | Reached skill level 19 in Stealth
114186 | Zig:10   | Reached skill level 20 in Stealth
114195 | Zig:10   | Got a bound jade ring
114196 | Zig:10   | Identified the ring "Koetyw" {Int+6 Dex+4 SInv} (You found it on level 10 of a ziggurat)
114310 | Zig:11   | Entered Level 11 of a ziggurat
114611 | Zig:11   | Reached skill level 21 in Stealth
114619 | Zig:11   | Reached skill level 22 in Stealth
114640 | Zig:12   | Entered Level 12 of a ziggurat
114648 | Zig:12   | Noticed Viaporof the pandemonium lord
114654 | Zig:12   | Noticed Tyczick the pandemonium lord
114654 | Zig:12   | Noticed Jauter the pandemonium lord
114662 | Zig:12   | Noticed Xiry the pandemonium lord
114673 | Zig:12   | Killed from afar by Tyczick the pandemonium lord

Vault maps used:
D:1:      minmay_arrival_checkered_box, serial_bayou_ford_a
D:2:      nicolae_tso_carved_into_rock, nicolae_qazlal_eye_of_the_storm,
          nemelex_altar_shiori, uniq_terence
D:3:      chequers_ecumenical_altar_simple_redux
D:4:      lemuel_round_altar, first_bread, st_stairs_10,
          hangedman_decor_opposing, minivault_23, minivault_11,
          interstate_on_off
D:5:      minmay_temple_entry_mist
D:6:      minmay_overflow_temple_hex
D:7:      kennysheep_mini_moat, serial_shops, shop, serial_glass,
          glass_columns_b, glass_columns_a, uniq_pikel
D:8:      old_standard_altar
D:9:      bloody_trog, old_standard_altar, dpeg_oklobed_lair,
          small_chamber_with_monster, hangedman_pestilent_swarm,
          patterned_corridor
D:10:     serial_shops, shop, minmay_liquid_box, uniq_harold
D:11:     kennysheep_orc_monster_closet_entryway
D:12:     serial_ice, serial_ice_n, serial_ice_e, serial_ice_f, serial_ice_k,
          serial_ice_h, serial_ice_g, serial_ice_o, serial_ice_b, serial_ice_c,
          serial_ice_m, uniq_sonja, uniq_rupert
D:13:     david_vaults_2, kennysheep_treasure_room
D:14:     basic_altar, kennysheep_small_spiral, minivault_13
D:15:     grunt_enter_depths_magical_seal, spider_trap, grunt_potential
Temple:   compressed_dpeg_triangle_lava_temple
Lair:1:   cheibrodos_lair_caveside_slide, uniq_grum
Lair:2:   minmay_shoals_entry_hut
Lair:3:   guppyfry_snake_entry_garden, grunt_forest_large_clearings,
          serial_bayou_shore_b
Lair:5:   minmay_lair_oklob_tunnel, minmay_slime_entry_oklob_open,
          grunt_forest_large_clearing_hut, grunt_megastairs_3
Lair:6:   minmay_lair_end_frog_pond, portal_ice_cave_entry_imps
Shoals:1: argonaut_gorgonesque
Shoals:2: nicolae_shoals_drake_roost
Shoals:4: shoals_end_simple, shoals_ilsuiw_alternative, uniq_polyphemus
Snake:1:  serial_shops, nicolae_shop_crystal, uniq_josephine, uniq_louise
Snake:2:  serial_bayou_shore_b, grunt_megastairs_1, serial_bayou_shore_b
Snake:4:  johnstein_snake_rune_scales, grunt_ministairs_2
Slime:1:  basic_altar, cheibrodos_slime_lost_civilization_7
Orc:2:    st_orc_ogre_mass, basic_altar, serial_shops, shop
Elf:1:    eino_elf_arrival_sip, minmay_elf_crystal_heptagon,
          minmay_misc_feat_rows, minmay_shoptagon
Elf:2:    minivault_16, lemuel_elevator, uniq_saint_roka, uniq_aizul,
          uniq_donald, uniq_agnes
Elf:3:    grunt_elf_hall_branching, enter_trove_6,
          roderic_lattice_octagonal_star
Vaults:1: nicolae_vaults_disjoint_gnomons, v_misc_19, hangedman_vaults_unwind,
          nicolae_vaults_what_the_h, vaults_mumra_hex, special_room_vaults,
          vaults_room_fours, nicolae_vaults_little_squares_4, vaults_room_pools,
          v_misc_17, vaults_room_boxed, grunt_vaults_bifocal,
          ontoclasm_vaults_ring_square, vaults_room_pool,
          vaults_room_stairs_pillars
Vaults:2: v_alt_pattern_1, nicolae_vaults_rhombus_5, hangedman_vaults_cutoff,
          ontoclasm_vaults_fault, v_alt_pattern_5, grunt_vaults_diagonal,
          nicolae_vaults_windows_and_doors_thing, v_misc_27,
          dpeg_vaults_monster_box, vaults_room_grid, uniq_nikola
Vaults:3: vaults_dpeg_encased_lava, minmay_crypt_entry_skeletal_spiral,
          ontoclasm_vaults_hangar, nicolae_vaults_diagonal_hallway_7,
          nicolae_vaults_ring_of_whatevers, nicolae_vaults_c_with_doors,
          ontoclasm_vaults_hangar, v_rooms_2, nicolae_vaults_little_squares_6,
          v_pattern_1, serial_shops, shop
Vaults:4: nicolae_vaults_octagons, nicolae_vaults_ring_of_whatevers,
          vaults_room_fours, nicolae_vaults_shelves_hall, v_misc_15,
          hangedman_vaults_maws, v_misc_11, nicolae_vaults_network_square,
          nicolae_vaults_mini_display_case, nicolae_vaults_disjoint_gnomons,
          ontoclasm_vaults_ligature, v_misc_15, ontoclasm_vaults_hangar,
          v_alt_pattern_3, nicolae_vaults_little_squares_5, serial_shops,
          nicolae_shop_trees, nicolae_shop_crystal, nicolae_shop_crystal,
          shop_fountains, portal_desolation_entry_holy_temple
Vaults:5: serial_shops
Crypt:1:  grunt_crypt_arrival_webbed
Crypt:3:  evilmike_haunted_forest
Depths:1: kennysheep_boxes, grunt_hell_entry_dis_mu, nicolae_elemental_shop,
          firewood_loft, uniq_enchantress, uniq_bai_suzhen
Depths:2: hangedman_cross_cluster, enter_ziggurat_e, hell_entry,
          rand_demon_pan_entry_1, kennysheep_crisscross
Depths:3: minmay_connected_triangles_in_corner, rand_demon_pan_entry_5,
          hell_entry, minmay_misc_feat_hallway, minmay_staircase_bubble
Depths:4: radiant_caverns_b_rkd, serial_shops, abyss_entry, hell_entry
Depths:5: grunt_zot_entry_bicorn, hangedman_decor_clover_reticule, hell_entry,
          serial_bayou_shore_b, minmay_shop_star, uniq_sojobo
Zot:2:    zot_minivault_5
Zot:4:    grunt_megastairs_2
Zot:5:    gammafunk_sealed_arena
Abyss:1:  gammafunk_corrupted_shrine
Abyss:2:  hangedman_abyss_or_decor_passed
Abyss:3:  bh_abyss_exit_grid, minivault_19, evilmike_abyss_exit_vortex
Zig:10:   ziggurat_pillar_centre_oklobs

Skill      XL: |  1  2  3  4  5  6  7  8  9 10 11 12 13 14 15 16 17 18 19 20 21 22 23 24 25 26 27 |
---------------+----------------------------------------------------------------------------------+-----
Short Blades   | 2 3 4 5 6 8 10 16 | 16.8
Stealth        | 5 6 8 9 10 12 13 14 16 17 22 | 22.1
Spellcasting   | 3 4 5 7 8 9 10 11 13 14 16 18 | 18.0
Hexes          | 4 5 7 8 10 11 12 13 14 15 16 20 21 | 21.1
Fighting       | 1 2 3 4 5 6 7 8 9 11 13 14 15 18 | 18.6
Dodging        | 4 5 6 8 9 10 11 12 13 15 16 17 19 20 | 20.2
Translocations | 3 8 12 14 17 20 22 | 22.3
Summonings     | 5 10 | 10.4
Shields        | 1 7 |  7.0
Evocations     | 6 |  6.0
Armour         | 9 13 14 15 | 15.3
Air Magic      | 4 8 |  8.0
Long Blades    | 11 13 | 13.2

Action                   |  1- 3 |  4- 6 |  7- 9 | 10-12 | 13-15 | 16-18 | 19-21 | 22-24 | 25-27 || total
-------------------------+-------+-------+-------+-------+-------+-------+-------+-------+-------++-------
Melee: Dagger            |   109 |   163 |   363 |   971 |  1681 |   841 |   147 |       |       ||  4275
       Quick blade       |       |       |       |       |       |   666 |  2275 |  2014 |    11 ||  4966
       Rapier            |       |       |       |       |       |    13 |    17 |   623 |       ||   653
       Long sword        |       |       |       |       |       |       |       |   197 |       ||   197
       Cutlass           |       |       |       |       |       |       |       |   434 |  1545 ||  1979
       Double sword      |       |       |       |       |       |       |       |    90 |       ||    90
       Scimitar          |       |       |       |       |       |       |       |       |   177 ||   177
Throw: Throwing net      |       |       |       |       |       |       |     1 |       |       ||     1
 Cast: Corona            |    23 |     2 |     2 |       |       |       |       |       |       ||    27
       Ensorcelled Hiber |     6 |    24 |    27 |     9 |     6 |       |       |       |       ||    72
       Tukima's Dance    |       |    10 |    23 |    47 |    87 |    56 |   155 |    76 |    60 ||   514
       Confuse           |       |    14 |    50 |   191 |   234 |   123 |   177 |   163 |    75 ||  1027
       Apportation       |       |       |     4 |    10 |    12 |    68 |    26 |    82 |    57 ||   259
       Invisibility      |       |       |       |     5 |    19 |    39 |    26 |    27 |    31 ||   147
       Summon Butterflie |       |       |       |     1 |     2 |     2 |       |     5 |    22 ||    32
       Summon Mana Viper |       |       |       |       |    18 |    42 |   141 |   200 |   132 ||   533
       Lesser Beckoning  |       |       |       |       |     6 |    19 |    12 |    16 |    30 ||    83
       Dispersal         |       |       |       |       |       |     9 |     8 |     4 |    17 ||    38
       Silence           |       |       |       |       |       |       |    11 |     4 |     1 ||    16
       Blink             |       |       |       |       |       |       |     2 |    13 |     4 ||    19
       Malign Gateway    |       |       |       |       |       |       |       |    36 |    47 ||    83
       Controlled Blink  |       |       |       |       |       |       |       |     6 |    14 ||    20
       Passwall          |       |       |       |       |       |       |       |       |     4 ||     4
       Discord           |       |       |       |       |       |       |       |       |     7 ||     7
Invok: Call Merchant     |       |       |       |     1 |     4 |     1 |     2 |     2 |     1 ||    11
       Potion Petition   |       |       |       |       |       |       |     1 |       |     1 ||     2
 Abil: Evoke Flight      |       |       |       |       |       |    32 |     2 |    12 |     3 ||    49
       Stop Flying       |       |       |       |       |       |     1 |       |       |       ||     1
       Evoke Berserk Rag |       |       |       |       |       |       |     4 |       |       ||     4
Evoke: Wand              |       |       |       |       |     2 |     2 |     1 |    11 |     1 ||    17
       Fan of gales      |       |       |       |       |       |       |     1 |       |       ||     1
       Phantom mirror    |       |       |       |       |       |       |       |       |     2 ||     2
  Use: Potion            |     2 |     1 |       |       |     2 |     6 |    11 |     4 |    18 ||    44
       Scroll            |       |     4 |    14 |    11 |    19 |    21 |    16 |    15 |    21 ||   121
 Stab: Sleeping          |    12 |    23 |    19 |    31 |    93 |   154 |   173 |   127 |   157 ||   789
       Confused          |       |     5 |    35 |   107 |   119 |    69 |    97 |    91 |    15 ||   538
       Distracted        |       |       |     1 |     7 |    10 |     8 |    29 |    53 |    30 ||   138
       Invisible         |       |       |       |    18 |   110 |   145 |    66 |    85 |    82 ||   506
       Held in net/web   |       |       |       |       |       |     1 |       |       |       ||     1
       Paralysed         |       |       |       |       |       |       |       |       |     1 ||     1
  Eat: Royal jelly       |       |     1 |       |       |       |       |     8 |     4 |     3 ||    16
       Bread ration      |       |     1 |     1 |     2 |     4 |     7 |     7 |    10 |     7 ||    39
       Fruit             |       |       |       |     1 |       |       |       |     2 |     2 ||     5
Armor: Robe              |    18 |    14 |    18 |    30 |    24 |    21 |       |       |       ||   125
       Shadow dragon sca |       |       |       |       |       |    48 |   253 |   350 |   265 ||   916
Dodge: Dodged            |   100 |   130 |   180 |   489 |   466 |   419 |   648 |  1039 |   693 ||  4164
Block: Buckler           |       |       |       |       |   156 |   224 |   459 |   628 |   357 ||  1824
       Reflection        |       |       |       |       |       |    25 |     2 |       |       ||    27
       Rpst.: Long sword |       |       |       |       |       |       |       |    15 |       ||    15
       Double sword      |       |       |       |       |       |       |       |    21 |       ||    21
       Scimitar          |       |       |       |       |       |       |       |       |    21 ||    21
